 Dungeon Crawl Stone Soup version 0.31-a0-1072-g202bf7ea07 (webtiles) character file.

Game seed: 8291210779194517479

32144 kyuthecoffin the Tortoise (level 13, -9/122 HPs)
             Began as a Minotaur Berserker on Nov 26, 2023.
             Was a High Priest of Trog.
             Mangled by a naga warrior
             ... wielding a +0 battleaxe
              (21 damage)
             ... on level 1 of the Snake Pit.
             The game lasted 01:32:16 (12050 turns).

kyuthecoffin the Tortoise (Minotaur Berserker)     Turns: 12050, Time: 01:32:16

Health: -9/122     AC: 31    Str: 33    XL:     13   Next: 29%
Magic:  12/12      EV:  7    Int:  3    God:    Trog [*****.]
Gold:   1009       SH:  0    Dex: 10    Spells: 12/12 levels left

rFire   . . .        p - +4 trident (vamp)
rCold   + . .        (no shield)
rNeg    . . .        X - +3 plate armour {Will+}
rPois   .            (helmet restricted)
rElec   .            t - +2 cloak of the Maze {rCorr Str+3}
rCorr   +            G - +0 pair of gloves
SInv    .            x - +0 pair of boots
Will    +....        S - amulet of regeneration Stlth
                     H - +4 ring of slaying
HPRegen 2.80/turn    o - +4 ring of protection
MPRegen 0.13/turn

%: no passive effects
@: lethally poisoned (-9 -> -10), constricted
A: horns 2, retaliatory headbutt, cold resistance 1, regeneration 2, strong 1
a: Renounce Religion, Berserk, Trog's Hand, Brothers in Arms


You were on level 1 of the Snake Pit.
You worshipped Trog.
Trog was extremely pleased with you.
You visited 4 branches of the dungeon, and saw 16 of its levels.
You also visited: Bailey.

You collected 1392 gold pieces.
You spent 383 gold pieces at shops.

Inventory:

Hand Weapons
 f - a +3 spear
 g - a +2 short sword of freezing
 p - a +4 vampiric trident (weapon)
 C - a +0 hand cannon of draining
 E - a +4 spear
 K - the +7 sling "Caisep" {flame, rF- Dex+4}
   (You found it on level 5 of the Dungeon)

   Dex+4:     It affects your dexterity (+4).
   rF-:       It makes you vulnerable to fire.
 U - a +3 heavy executioner's axe
 Y - a +2 scimitar of flaming
Missiles
 b - 7 javelins
 l - 87 stones (quivered)
 F - 19 poisoned darts
 Z - 5 atropa-tipped darts
Armour
 s - a scarf of invisibility
 t - the +2 cloak of the Maze (worn) {rCorr Str+3}
   (You found it in a bailey)

   Str+3:     It affects your strength (+3).
   rCorr:     It protects you from acid and corrosion.
 x - a +0 pair of boots (worn)
 G - a +0 pair of gloves (worn)
 N - a +3 leather armour of fire resistance
 X - a +3 plate armour of willpower (worn)
Jewellery
 o - a +4 ring of protection (right hand)
 H - a +4 ring of slaying (left hand)
 P - a ring of positive energy
 S - an amulet of regeneration (around neck)
Wands
 h - a wand of polymorph (10)
 u - a wand of charming (5)
 M - a wand of roots (12)
 O - a wand of digging (1)
 Q - a wand of flame (21)
 R - a wand of quicksilver (11)
 V - a wand of mindburst (19)
Scrolls
 c - a scroll of identify
 d - a scroll of blinking
 e - 3 scrolls of poison
 i - 5 scrolls of teleportation
 j - a scroll of enchant weapon
 k - 3 scrolls of fog
 w - a scroll of vulnerability
 y - a scroll of butterflies {unknown}
 z - a scroll of silence {unknown}
 J - a scroll of amnesia
Potions
 m - a potion of magic {unknown}
 n - 2 potions of brilliance
 q - a potion of lignification {unknown}
 r - 4 potions of might
 v - 7 potions of curing
 A - 4 potions of haste
 B - a potion of enlightenment {unknown}
 D - a potion of attraction {unknown}
 I - 2 potions of berserk rage
 L - 3 potions of heal wounds
 T - 2 potions of mutation
 W - a potion of invisibility {unknown}


   Skills:
 + Level 13.5 Fighting
 + Level 6.7(12.1) Axes
 + Level 15.6(16.1) Polearms
 + Level 2.3 Throwing
 + Level 15.8 Armour
 + Level 5.2 Dodging
 + Level 1.8 Stealth
 + Level 0.3 Unarmed Combat
 + Level 1.2 Evocations


You had 12 spell levels left.
You didn't know any spells.
Your spell library contained the following spells:

 Spells                   Type           Power      Damage    Failure   Level
 Magic Dart               Conj           0%         1d3       95%         1
 Sting                    Tmut/Pois      0%         1d3       95%         1
 Call Imp                 Summ           0%         N/A       99%         2
 Poisonous Vapours        Pois/Air       0%         N/A       99%         2
 Searing Ray              Conj           0%         2d4       99%         2
 Mephitic Cloud           Conj/Pois/Air  0%         N/A       100%        3
 Tukima's Dance           Hex            0%         N/A       100%        3
 Dimensional Bullseye     Hex/Tloc       0%         N/A       100%        4
 Fulminant Prism          Conj/Hex       0%         3d5       100%        4
 Iskenderun's Mystic Bla  Conj/Tloc      0%         2d3       100%        4
 Leda's Liquefaction      Hex/Erth       0%         N/A       100%        4
 Olgreb's Toxic Radiance  Pois           0%         N/A       100%        4
 Summon Ice Beast         Ice/Summ       0%         N/A       100%        4
 Arcjolt                  Conj/Air       0%         1d10      100%        5
 Borgnjor's Vile Clutch   Necr/Erth      0%         N/A       100%        5
 Summon Mana Viper        Hex/Summ       0%         N/A       100%        5
 Monstrous Menagerie      Summ           0%         N/A       100%        7


Dungeon Overview and Level Annotations

Branches:
Dungeon (11/15)            Temple (1/1) D:4            Lair (3/5) D:11
  Swamp (0/4) Lair:2        Snake (1/4) Lair:3          Orc (0/2) D:9
 Bailey (visited)

Altars:
Ashenzari
Cheibriados
Dithmenos
Elyvilon
Fedhas
Gozag
Hepliaklqana
Kikubaaqudgha
Makhleb
Nemelex Xobeh
Okawaru
Qazlal
Ru
Sif Muna
Trog
Uskayaw
Vehumet
Wu Jian
Xom
Yredelemnul
Zin
The Shining One

Shops:
D:10 *

Annotations:
D:7 2 transporters, nitefall's ghost, novice MiFi
D:9 2 transporters, haldagan's ghost, novice DEBe


Innate Abilities, Weirdness & Mutations

You have a pair of horns on your head.
You reflexively headbutt those who attack you in melee.
Your flesh is cold resistant. (rC+)
You heal very quickly.
Your muscles are strong. (Str +4, Int/Dex -1)


Message History

The naga warrior hits you with a +0 flail!!
The naga warrior grabs you. The naga warrior constricts you.
You hit the naga warrior.
You feel better.
The naga warrior is lightly wounded.
You feel sick.
You impale the naga warrior!!
The naga warrior is moderately wounded.
You feel sick. The naga warrior completely misses you. You furiously retaliate!
You headbutt the naga warrior!! The naga warrior constricts you.
You hit the naga warrior. Your headbutt misses the naga warrior.
The naga warrior is severely wounded.
You feel sick.
You hit the naga warrior.
The naga warrior is severely wounded.
You feel sick.
The naga warrior hits you with a +0 flail!
The naga warrior constricts you.
You completely miss the naga warrior.
You headbutt the naga warrior, but do no damage.
The naga warrior is severely wounded.
You feel sick.
The naga warrior hits you with a +0 flail!!
* * * LOW HITPOINT WARNING * * *
The naga warrior constricts you.
You puncture the naga warrior!
The naga warrior is almost dead.
You puncture the naga warrior!
You feel better.
You kill the naga warrior!
Trog accepts your kill.
You feel sick.
You feel sick.
The naga warrior hits you with a +0 battleaxe!!
* * * LOW HITPOINT WARNING * * *
The naga warrior grabs you. The naga warrior constricts you.
Things that are here:
a +0 flail; a naga corpse You closely miss the naga warrior.
You feel sick.
You hit the naga warrior but do no damage.
The naga warrior hits you with a +0 battleaxe!!
You die...

#...###########
##..# ###
#.#### (..#
###....##..#.
###..##.##.....
#....#..#......
#......##......
#..###.#......#
### ##@N.....#
#.......#
#.......#
........#
........#
#..^.$....
#.........
##.....#..


You could see a naga warrior (strong).

Vanquished Creatures
  Rupert (Lair:3)
  2 anacondas (Snake:1)
  A hydra (Lair:2)
  A catoblepas (Lair:2)
  4 two-headed ogres (D:10)
  A naga warrior (Snake:1)
  Amaemon (Lair:3)
  Pikel (D:7)
  3 orc knights (Bailey)
  A manticore (D:10)
  A salamander (Snake:1)
  2 cyclopes (D:10)
  7 black mambas
  A gargoyle (D:10)
  An orange demon (Lair:3)
  A rime drake (D:11)
  7 cane toads
  2 kobold demonologists (Bailey)
  7 komodo dragons
  An efreet (D:10)
  3 trolls
  Prince Ribbit (D:5)
  A hornet (D:10)
  5 blink frogs (Lair:3)
  23 yaks
  A centaur simulacrum (D:10)
  A wraith (D:10)
  2 wyverns (D:10)
  2 basilisks (Lair:2)
  Menkaure (D:7)
  3 nagas (Lair:3)
  An acid dragon (D:9)
  19 water moccasins
  12 orc warriors
  A sky beast (D:7)
  5 ice beasts
  4 black bears
  8 wolves
  4 centaurs
  A phantom (D:5)
  2 kobold brigands (D:10)
  Blork the orc (D:4)
  A scorpion (D:5)
  8 bullfrogs
  A wight (D:10)
  14 killer bees
  7 electric eels
  7 howler monkeys
  5 hounds (D:5)
  A jelly (D:4)
  Crazy Yiuf (D:4)
  2 orc priests
  A gnoll bouda (D:8)
  4 iguanas
  Ijyb (D:5)
  3 sleepcaps
  6 orc wizards
  8 gnolls
  11 adders
  A shadow imp (D:6)
  3 white imps
  2 worms (D:2)
  4 dart slugs
  37 orcs
  3 bats
  7 endoplasms
  6 giant cockroaches
  23 goblins
  8 hobgoblins
  5 quokkas
  4 ball pythons
  A frilled lizard (D:2)
  8 kobolds
  6 rats
346 creatures vanquished.

Notes
Turn   | Place    | Note
-------+----------+-------------------------------------------
     0 | D:1      | kyuthecoffin the Minotaur Berserker began the quest for the
                  | Orb.
     0 | D:1      | Reached XP level 1. HP: 19/19 MP: 0/0
   137 | D:1      | Reached XP level 2. HP: 16/27 MP: 1/1
   530 | D:1      | Reached XP level 3. HP: 33/33 MP: 2/2
   928 | D:2      | Found a hazy altar of Hepliaklqana.
  1106 | D:2      | Found a faded altar of an unknown god.
  1386 | D:3      | Reached XP level 4. HP: 41/41 MP: 3/3
  1677 | D:3      | Reached skill level 5 in Axes
  1687 | D:3      | Reached ** piety under Trog
  2355 | D:4      | Found a runed translucent door.
  2356 | D:4      | Noticed Crazy Yiuf
  2362 | D:4      | Killed Crazy Yiuf
  2363 | D:4      | Reached XP level 5. HP: 47/47 MP: 4/4
  2739 | D:4      | Found a staircase to the Ecumenical Temple.
  2747 | Temple   | Entered the Ecumenical Temple
  3130 | D:4      | Noticed Blork the orc
  3149 | D:4      | Killed Blork the orc
  3150 | D:4      | Reached XP level 6. HP: 6/55 MP: 5/5
  3162 | D:4      | Reached skill level 5 in Armour
  3690 | D:5      | Entered Level 5 of the Dungeon
  3748 | D:5      | Reached skill level 5 in Fighting
  3764 | D:5      | Gained mutation: You possess an exceptional clarity of
                  | mind. [potion of mutation]
  3764 | D:5      | Gained mutation: You expend magic power (3 MP) to
                  | strengthen your wands. [potion of mutation]
  3765 | D:5      | Lost mutation: You possess an exceptional clarity of mind.
                  | [potion of mutation]
  3765 | D:5      | Lost mutation: You expend magic power (3 MP) to strengthen
                  | your wands. [potion of mutation]
  3765 | D:5      | Gained mutation: Your magical capacity is low. (-10% MP)
                  | [potion of mutation]
  3827 | D:5      | Found a snail-covered altar of Cheibriados.
  3990 | D:5      | Reached skill level 1 in Polearms
  4009 | D:5      | Reached XP level 7. HP: 52/61 MP: 5/5
  4165 | D:5      | Lost mutation: Your magical capacity is low. (-10% MP)
                  | [potion of mutation]
  4165 | D:5      | Gained mutation: Your natural rate of healing is unusually
                  | fast. [potion of mutation]
  4165 | D:5      | Gained mutation: You heal very quickly. [potion of
                  | mutation]
  4165 | D:5      | Gained mutation: Your flesh is cold resistant. (rC+)
                  | [potion of mutation]
  4165 | D:5      | Gained mutation: Your muscles are strong. (Str +4, Int/Dex
                  | -1) [potion of mutation]
  4179 | D:5      | Identified the +7 sling "Caisep" {flame, rF- Dex+4}
  4243 | D:5      | Noticed Prince Ribbit
  4255 | D:5      | Killed Prince Ribbit
  4381 | D:5      | Reached skill level 5 in Polearms
  4381 | D:5      | Reached XP level 8. HP: 57/70 MP: 7/7
  4414 | D:5      | Noticed Ijyb
  4421 | D:5      | Killed Ijyb
  5038 | D:6      | Reached *** piety under Trog
  5039 | D:6      | Reached skill level 1 in Throwing
  5156 | D:6      | Found a stormy altar of Qazlal.
  5398 | D:6      | Found a glowing silver altar of Zin.
  5554 | D:7      | Found a transporter.
  5554 | D:7      | Noticed nitefall's ghost (novice MiFi)
  5578 | D:7      | Found a transporter.
  5962 | D:7      | Noticed Pikel
  6001 | D:7      | Killed Pikel
  6002 | D:7      | Reached XP level 9. HP: 67/78 MP: 8/8
  6181 | D:7      | Noticed Menkaure
  6191 | D:7      | Killed Menkaure
  6248 | D:7      | You fall into a shaft and drop 2 floors!
  6327 | D:9      | Found a staircase to the Orcish Mines.
  6349 | D:9      | Reached skill level 1 in Stealth
  6383 | D:9      | Noticed haldagan's ghost (novice DEBe)
  6385 | D:9      | Noticed a moth of wrath
  6410 | D:9      | Found a transporter.
  6427 | D:9      | Found a transporter.
  6522 | D:9      | Found an iron altar of Okawaru.
  6539 | D:9      | Noticed a komodo dragon
  6549 | D:9      | Killed a komodo dragon
  6592 | D:9      | Reached skill level 10 in Polearms
  6601 | D:9      | Reached XP level 10. HP: 87/88 MP: 9/9
  6668 | D:8      | Identified the +1 mace of Compassion {freeze, *Rage rElec
                  | Int+4 SInv}
  6706 | D:8      | Found a white marble altar of Elyvilon.
  6813 | D:8      | Reached **** piety under Trog
  6911 | D:8      | Found a flagged portal.
  6930 | Bailey   | Entered a bailey
  6987 | Bailey   | Reached skill level 1 in Evocations
  7126 | Bailey   | Noticed an orc knight
  7133 | Bailey   | Reached skill level 10 in Armour
  7140 | Bailey   | Killed an orc knight
  7161 | Bailey   | Found an iron altar of Okawaru.
  7253 | Bailey   | Identified the +2 cloak of the Maze {rCorr Str+3}
  7365 | Bailey   | Acquired 592 gold pieces
  7391 | Bailey   | Noticed an orc knight
  7402 | Bailey   | Killed an orc knight
  7485 | Bailey   | Noticed an orc knight
  7493 | Bailey   | Killed an orc knight
  7770 | D:8      | You fall into a shaft and drop 2 floors!
  7770 | D:10     | Entered Level 10 of the Dungeon
  7770 | D:10     | Found Kitz's Assorted Antiques.
  7776 | D:10     | Bought a scroll of enchant weapon for 255 gold pieces
  7776 | D:10     | Bought a glowing blue potion for 30 gold pieces
  7776 | D:10     | Bought a scroll of identify for 68 gold pieces
  7808 | D:10     | Bought a yellow potion for 30 gold pieces
  7899 | D:10     | Noticed a two-headed ogre
  7901 | D:10     | Noticed a two-headed ogre
  7919 | D:10     | Killed a two-headed ogre
  7920 | D:10     | Reached XP level 11. HP: 69/97 MP: 10/10
  7927 | D:10     | Killed a two-headed ogre
  7982 | D:10     | Noticed a two-headed ogre
  7984 | D:10     | Noticed a two-headed ogre
  7992 | D:10     | Killed a two-headed ogre
  7995 | D:10     | Killed a two-headed ogre
  7996 | D:10     | Reached skill level 10 in Fighting
  8019 | D:10     | Reached ***** piety under Trog
  8567 | D:10     | Found a radiant altar of Vehumet.
  9102 | D:11     | Found a staircase to the Lair.
  9255 | Lair:1   | Entered Level 1 of the Lair of Beasts
  9267 | Lair:1   | Reached XP level 12. HP: 108/110 MP: 11/11
  9600 | Lair:1   | Found a basalt altar of Yredelemnul.
 10274 | Lair:2   | Reached skill level 5 in Dodging
 10281 | Lair:2   | Identified the +2 quarterstaff of Ignis's Felicitations
                  | {heavy, Will+ Int+3 Dex-4}
 10415 | Lair:2   | Noticed a catoblepas
 10442 | Lair:2   | Killed a catoblepas
 10476 | Lair:2   | Got the Tome of Nephomancy and the Fjord
 10489 | Lair:2   | Found a staircase to the Swamp.
 10531 | Lair:2   | Noticed a four-headed hydra
 10538 | Lair:2   | Killed a four-headed hydra
 10538 | Lair:2   | Received a gift from Trog
 10539 | Lair:2   | Reached skill level 15 in Polearms
 11456 | Lair:3   | Noticed Rupert
 11459 | Lair:3   | Noticed Amaemon
 11476 | Lair:3   | Killed Amaemon
 11486 | Lair:3   | Killed Rupert
 11487 | Lair:3   | Reached skill level 15 in Armour
 11508 | Lair:2   | HP: 4/115 [poisoned by a naga (splash of poison)]
 11556 | Lair:3   | Reached XP level 13. HP: 121/122 MP: 12/12
 11776 | Lair:3   | Found a staircase to the Snake Pit.
 11807 | Snake:1  | Entered Level 1 of the Snake Pit
 12050 | Snake:1  | Mangled by a naga warrior

Illustrated notes

Levels and vault maps discovered:
D:1:      scummos_arrival_star, layout_basic, minmay_misc_feat_rows
D:2:      layout_loops_ring, basic_altar, ebering_ecumenical_altar_box,
          guppyfry_early_orc_mine
D:3:      minmay_diamond_boxcup, layout_basic, minmay_diced_spiral
D:4:      layout_loops_cross, temple_hall_moat, uniq_blork_the_orc,
          uniq_crazy_yiuf_cottage
D:5:      layout_basic, mainiacjoe_overflow_alcove_4, uniq_ijyb,
          uniq_prince_ribbit1
D:6:      layout_loops_corners, mainiacjoe_overflow_boulevard, zin_scriptorium
D:7:      layout_loops_corners, gammafunk_ghost_abyssal_escape,
          dreamdust_princess_bridge, uniq_pikel, uniq_menkaure, uniq_duvessa
D:8:      minmay_imperfect_grid, layout_loops_corners,
          mainiacjoe_overflow_six_doors_small, enter_bailey_3
D:9:      layout_basic, lemuel_tele_altar, orc_0_dummy,
          gammafunk_ghost_berserking_beasts
D:10:     cheibrodos_fzero, layout_small_grid, vehumet_crystals, serial_rivers,
          chequers_serial_rivers_marsh, chequers_serial_rivers_micro_c,
          chequers_serial_rivers_small_3, chequers_serial_rivers_small_b,
          serial_shops, shop
D:11:     layout_roguey, hellmonk_lair_entry_icy
Temple:   minmay_temple_bridge_d
Lair:1:   layout_long_grid, basic_altar, grunt_megastairs_4
Lair:2:   layout_misc_corridors, swamp_mist, serial_forest,
          infiniplex_forest_end_2, infiniplex_forest_lined_3,
          infiniplex_forest_lined_room_2, infiniplex_forest_clump_double,
          infiniplex_forest_corner_1, infiniplex_forest_lined_3,
          infiniplex_forest_lined_2, beast_lair_carwin_10
Lair:3:   layout_layer_cave, minmay_snake_entry_guardpost_small,
          serial_bayou_shore_a, grunt_megastairs_3, infiniplex_staircase_pool,
          uniq_amaemon, uniq_rupert
Snake:1:  layout_chambers, serial_shops, shop

Skill      XL: |  1  2  3  4  5  6  7  8  9 10 11 12 |
---------------+-------------------------------------+-----
Fighting       | 4 5 6 8 9 11 13 | 13.5
Axes           | 4 5 6 |  6.7
Armour         | 3 4 5 6 8 9 11 13 15 | 15.8
Dodging        | 3 4 5 |  5.2
Polearms       | 2 5 8 10 12 14 15 | 15.6
Throwing       | 1 2 |  2.3
Stealth        | 1 |  1.8
Evocations     | 1 |  1.2
Unarmed Combat | |  0.3

Action                     |  1- 3 |  4- 6 |  7- 9 | 10-12 | 13-15 || total
---------------------------+-------+-------+-------+-------+-------++-------
  Melee: Hand axe          |    82 |    90 |       |       |       ||   172
         Headbutt          |    10 |    20 |    29 |   131 |    19 ||   209
         Punch             |     1 |     1 |     2 |     4 |     2 ||    10
         Trident           |       |    46 |   181 |   521 |    96 ||   844
         Unarmed           |       |       |     3 |       |       ||     3
   Fire: Sling             |       |       |     2 |       |       ||     2
  Throw: Stone             |     2 |     1 |       |     3 |       ||     6
         Javelin           |       |     3 |     2 |     4 |       ||     9
         Dart              |       |       |       |     7 |       ||     7
 Invoke: Berserk           |     1 |     1 |     2 |     4 |       ||     8
         Trog's Hand       |       |     1 |       |     1 |       ||     2
  Evoke: Wand              |       |       |     5 |     2 |       ||     7
    Use: Scroll            |     1 |     7 |     3 |    13 |       ||    24
         Potion            |       |     3 |     3 |     1 |       ||     7
 Armour: Scale mail        |    53 |    24 |       |       |       ||    77
         Chain mail        |       |    92 |   112 |       |       ||   204
         Skin              |       |       |     1 |       |       ||     1
         Plate armour      |       |       |    29 |   497 |    74 ||   600
  Dodge: Dodged            |    34 |    52 |   106 |   228 |    34 ||   454

Table legend: (Time is in decaauts)
 A = Elapsed time spent in this place.
 B = Non-inter-level travel time spent in this place.
 C = Inter-level travel time spent in this place.
 D = Time resting spent in this place.
 E = Time spent auto-exploring this place.
 F = Levels seen in this place.
 G = Mean time per level.
                   A        B        C        D        E       F      G
               +--------+--------+--------+--------+--------+-----+--------+
         Total |  11907 |  11904 |      3 |   1271 |   2581 |  17 |  700.4 |
       Dungeon |   8236 |   8233 |      3 |   1097 |   1310 |  11 |  748.7 |
        Temple |    283 |    283 |      0 |    100 |      0 |   1 |  283.0 |
          Lair |   2463 |   2463 |      0 |     45 |   1034 |   3 |  821.0 |
     Snake Pit |    221 |    221 |      0 |      0 |    143 |   1 |  221.0 |
        Bailey |    703 |    703 |      0 |     29 |     94 |   1 |  703.0 |
               +--------+--------+--------+--------+--------+-----+--------+

Top non-repeatable levels by time:
    D:10: 1277 daAuts
  Lair:2: 1202 daAuts
     D:4: 1140 daAuts
     D:5: 1108 daAuts
  Lair:1: 940 daAuts
     D:3: 907 daAuts
     D:7: 742 daAuts
     D:2: 714 daAuts
  Bailey: 703 daAuts
     D:6: 698 daAuts
     D:1: 672 daAuts
     D:8: 412 daAuts
     D:9: 398 daAuts
  Lair:3: 320 daAuts
  Temple: 283 daAuts
